 Dungeon Crawl Stone Soup version 0.31-a0-200-gbc41564c69 (webtiles) character file.

Game seed: 16156750461927547776

17 qw the Shooter (level 2, 0/16 HPs)
             Began as a Deep Elf Hunter on June 25, 2023.
             Succumbed to their own poison gas
             ... on level 1 of the Dungeon.
             The game lasted 00:00:12 (502 turns).

qw the Shooter (Deep Elf Hunter)                     Turns: 502, Time: 00:00:12

Health: 0/16       AC:  3    Str:  8    XL:     2   Next: 44%
Magic:  4/4        EV: 12    Int: 13    God:
Gold:   13         SH:  0    Dex: 18    Spells: 1/1 levels left

rFire   . . .        Y - +0 shortbow
rCold   . . .        (shield currently unavailable)
rNeg    . . .        c - +0 leather armour
rPois   .            (no helmet)
rElec   .            (no cloak)
rCorr   .            (no gloves)
SInv    .            (no boots)
Will    .....        (no amulet)
Stlth   ++           (no ring)
HPRegen 0.22/turn    (no ring)
MPRegen 0.09/turn

%: no passive effects
@: lethally poisoned (0 -> -5)
A: no striking features
a: no special abilities


You were on level 1 of the Dungeon.
You visited 1 branch of the dungeon, and saw 1 of its levels.

You collected 13 gold pieces.


   Skills:
 - Level 1.5 Fighting
 + Level 6.2 Ranged Weapons
 - Level 2.4 Dodging
 - Level 1.2 Stealth


You had one spell level left.
You didn't know any spells.
Your spell library was empty.

Inventory:

Hand Weapons
 Y - a +0 shortbow (weapon)
Armour
 c - a +0 leather armour (worn)

Dungeon Overview and Level Annotations

Branches:
Dungeon (1/15)

Altars:


Message History

Press: ? - help, Dir - move target, f - you Are you sure you want to cancel this blink?
As you read the scroll labelled QUCAL ZENI, it crumbles to dust.
It was a scroll of blinking.
495 ||| READING scroll labelled ZIDAKI SUB HOM.
As you read the scroll labelled ZIDAKI SUB HOM, it crumbles to dust.
You assume a fearsome visage.
The jackal looks frightened!
It was a scroll of fear.
Partly explored, can't reach some items and places.
496 ||| DROPPING scroll of butterflies.
You drop a scroll of butterflies.
Partly explored, can't reach some items and places.
497 ||| DROPPING scroll of blinking.
You drop a scroll of blinking.
Partly explored, can't reach some items and places.
(D) Dungeon
Where to? (* - list waypoints, ? - help)
What level of the Dungeon? (default 1, ? - help) Sorry, I don't know how to get there.
Enter note:
Enter note:
Enter note:
Enter note:
Enter note:
Enter note:
Enter note:
Enter note:
Enter note: Really walk into that cloud of poison gas?
You are engulfed in poison gas.
You are poisoned.
You feel very sick.
499 ||| Stepping ~*~*~tactically~*~*~ (cloud).
You feel very sick.
There is an open door here.
Things that are here:
a scroll of blinking; a scroll of butterflies
There is a lethal amount of poison in your body!
You feel sick.
There is a lethal amount of poison in your body!
You feel sick.
There is a lethal amount of poison in your body!
You die...

#.##.# .. ... #.##.# .
8#8.[ #.##.# .¤ !#..
#.##.# .¤8#8.. #.#...
.0000.. #.##.# .¤0¤00.
#.##.#
.¤¤¤00¤############.##.#
.¤000¤¤@¤¤¤¤00¤.........
.¤¤¤00¤#################
#######


There were no monsters in sight!

Vanquished Creatures
  2 ball pythons (D:1)
  A bat (D:1)
  An endoplasm (D:1)
  2 giant cockroaches (D:1)
  2 goblins (D:1)
  A hobgoblin (D:1)
  2 frilled lizards (D:1)
  A kobold (D:1)
  4 rats (D:1)
16 creatures vanquished.

Notes
Turn   | Place    | Note
-------+----------+-------------------------------------------
     0 | D:1      | qw the Deep Elf Hunter began the quest for the Orb.
     0 | D:1      | Reached XP level 1. HP: 12/12 MP: 3/3
     0 | D:1      | 0 ||| qw: Version: 0.3-a-22-g0ed2b0b
     0 | D:1      | 0 ||| qw: Game counter: 5577
     0 | D:1      | 0 ||| qw: Melee chars always use a shield: true
     0 | D:1      | 0 ||| qw: God list: Okawaru
     0 | D:1      | 0 ||| qw: Allow faded altars: false
     0 | D:1      | 0 ||| qw: Do Orc after clearing Dungeon:15 true
     0 | D:1      | 0 ||| qw: Do second Lair branch before Depths: true
     0 | D:1      | 0 ||| qw: Lair rune preference: random
     0 | D:1      | 0 ||| qw: Goals: Normal
     0 | D:1      | 0 ||| PLANNING D:1-11
   134 | D:1      | Reached XP level 2. HP: 16/16 MP: 4/4
   183 | D:1      | Reached skill level 6 in Ranged Weapons
   291 | D:1      | Found a faded altar of an unknown god.
   493 | D:1      | 493 ||| READING scroll labelled BEWUFOUFONK.
   494 | D:1      | 494 ||| READING 2 scrolls labelled QUCAL ZENI.
   495 | D:1      | 495 ||| READING scroll labelled ZIDAKI SUB HOM.
   496 | D:1      | 496 ||| DROPPING scroll of butterflies.
   497 | D:1      | 497 ||| DROPPING scroll of blinking.
   499 | D:1      | 499 ||| Stepping ~*~*~tactically~*~*~ (cloud).
   499 | D:1      | HP: 4/16 [poisoned by you (poison gas)]
   502 | D:1      | Succumbed to their own poison gas

Levels and vault maps discovered:
D:1:      evilmike_arrival_hilbert_curve, layout_basic,
          chequers_ecumenical_altar_island, minmay_statues_item,
          minmay_fountain_box, kennysheep_nondescript

Skill      XL: |  1  2 |
---------------+-------+-----
Ranged Weapons | 6 |  6.2
Fighting       | |  1.5
Dodging        | |  2.4
Stealth        | |  1.2

Action                     || total
---------------------------++-------
   Fire: Shortbow          ||    35
    Use: Scroll            ||     3
  Dodge: Dodged            ||     1

Table legend:
 A = Non-vault XP
 B = Vault XP
 C = Vault XP percentage of total XP
 D = Non-vault monster count
 E = Vault monster count
 F = Vault count percentage of total count
                 A         B        C        D         E       F
            +---------+---------+-------+---------+---------+-------
      Total |      25 |       0 |   0.0 |      16 |       0 |   0.0
            +---------+---------+-------+---------+---------+-------
        D:1 |      25 |       0 |   0.0 |      16 |       0 |   0.0
            +---------+---------+-------+---------+---------+-------
